 Dungeon Crawl Stone Soup version 0.30-a0-55-g90e3122c3a (webtiles) character file.

Game seed: 14341605827361720114

7 jlumianski the Covered (level 1, 0/18 HPs)
             Began as a Demonspawn Fighter on Sept 9, 2022.
             Frozen to death by an endoplasm (5 damage)
             ... on level 1 of the Dungeon.
             The game lasted 00:01:02 (281 turns).

jlumianski the Covered (Demonspawn Fighter)          Turns: 281, Time: 00:01:02

Health: 0/18       AC:  6    Str: 16    XL:     1   Next: 91%
Magic:  1/1        EV:  8    Int:  9    God:
Gold:   31         SH:  4    Dex: 12    Spells: 0/0 levels left

rFire   . . .      SeeInvis .    a - +0 war axe
rCold   . . .      Faith    .    c - +0 buckler
rNeg    . . .      Spirit   .    b - +0 scale mail
rPois   .          Reflect  .    (no helmet)
rElec   .          Harm     .    (no cloak)
rCorr   .          Rampage  .    (no gloves)
Will    .....                    (no boots)
Stlth   ..........               (no amulet)
HPRegen 0.06/turn                (no ring)
MPRegen 0.07/turn                (no ring)

@: no status effects
A: no striking features
a: no special abilities


You were on level 1 of the Dungeon.
You visited 1 branch of the dungeon, and saw 1 of its levels.

You collected 31 gold pieces.

Inventory:

Hand Weapons
 a - a +0 war axe (weapon)
 f - a +0 sling
Armour
 b - a +0 scale mail (worn)
 c - a +0 buckler (worn)
Scrolls
 e - a scroll of teleportation {unknown}
 g - a scroll of identify {unknown}
 i - a scroll of amnesia {unknown}
 j - a scroll of fog {unknown}
Potions
 d - a potion of might
 h - a potion of degeneration {unknown}
 k - a potion of heal wounds {unknown}


   Skills:
 + Level 3.0 Fighting
 + Level 1.7 Axes
 + Level 3.1 Armour
 + Level 2.7 Shields


You couldn't memorise any spells.
You didn't know any spells.
Your spell library contained the following spells:

 Spells                   Type           Power      Damage    Failure   Level
 Ignite Poison            Fire/Tmut/Pois 0%         N/A       99%         3
 Mephitic Cloud           Conj/Pois/Air  0%         N/A       99%         3
 Freezing Cloud           Conj/Ice/Air   0%         6-21      100%        5


Dungeon Overview and Level Annotations

Branches:
Dungeon (1/15)

Altars:


Message History

You hit the goblin.
The endoplasm hits you but does no damage.
You block the goblin's attack.
You hit the endoplasm.
The endoplasm is severely wounded.
You hit the goblin. The endoplasm closely misses you.
The goblin hits you but does no damage.
A ball python comes into view.
The endoplasm hits you but does no damage.
The goblin hits you but does no damage.
You barely miss the endoplasm.
The endoplasm is severely wounded.
The ball python hisses angrily.
You hit the goblin but do no damage. The endoplasm hits you.
You block the goblin's attack.
You hit the endoplasm but do no damage.
The endoplasm is severely wounded.
You hit the goblin.
You kill the goblin!
You block the endoplasm's attack.
The endoplasm hits you but does no damage.
You hit the endoplasm but do no damage.
The endoplasm is heavily wounded.
You closely miss the ball python.
A bat comes into view.
The ball python closely misses you. The ball python grabs you.
The ball python constricts you. The endoplasm freezes you.
You are frozen.
* * * LOW HITPOINT WARNING * * *
The ball python barely misses you. The ball python constricts you.
You hit the endoplasm but do no damage.
The endoplasm is heavily wounded.
You hit the ball python.
You kill the ball python!
You closely miss the bat. The bat closely misses you.
The endoplasm completely misses you. The bat barely misses you.
The endoplasm freezes you.
You are frozen.
You die...

#####.#..##.#
#...###.........
###...#.######...#
#####....#
#.#.#.#........#
#.##.# ###
#.#.#.#.####...#
#.....
..#####.....#
####.## ####.#
..........###
#....# #..
#.######### #.##.#
### #.#
...#.##....# #.#
#...?)@...# ..#
...####Jb......
### #...##.## #
#.### .. #.# # #..
###


You could see an endoplasm and a bat.

Vanquished Creatures
  2 ball pythons (D:1)
  An endoplasm (D:1)
  A goblin (D:1)
  2 hobgoblins (D:1)
  A frilled lizard (D:1)
7 creatures vanquished.

Notes
Turn   | Place    | Note
-------+----------+-------------------------------------------
     0 | D:1      | jlumianski the Demonspawn Fighter began the quest for the
                  | Orb.
     0 | D:1      | Reached XP level 1. HP: 18/18 MP: 1/1
   281 | D:1      | Frozen to death by an endoplasm

Illustrated notes

Levels and vault maps discovered:
D:1:      scummos_arrival_checkerplants, layout_loops_cross

Skill      XL: |  1 |
---------------+----+-----
Armour         | 3 |  3.1
Fighting       | |  3.0
Axes           | |  1.7
Shields        | |  2.7

Action                   || total
-------------------------++-------
Melee: War axe           ||    26
Armor: Scale mail        ||    11
Dodge: Dodged            ||    18
Block: Buckler           ||     5

Table legend: (Time is in decaauts)
 A = Elapsed time spent in this place.
 B = Non-inter-level travel time spent in this place.
 C = Inter-level travel time spent in this place.
 D = Time resting spent in this place.
 E = Time spent auto-exploring this place.
 F = Levels seen in this place.
 G = Mean time per level.
                   A        B        C        D        E       F      G
               +--------+--------+--------+--------+--------+-----+--------+
         Total |    292 |    292 |      0 |      0 |    132 |   1 |  292.0 |
       Dungeon |    292 |    292 |      0 |      0 |    132 |   1 |  292.0 |
               +--------+--------+--------+--------+--------+-----+--------+

Top non-repeatable levels by time:
     D:1: 292 daAuts
